 Dungeon Crawl Stone Soup version 0.28.0 (webtiles) character file.

Game seed: 756364236252774575

42 Sanktem7 the Shield-Bearer (level 3, -1/31 HPs)
             Began as a Minotaur Fighter on Feb 16, 2022.
             Succumbed to an adder's poison
             ... on level 2 of the Dungeon.
             The game lasted 00:01:43 (1596 turns).

Sanktem7 the Shield-Bearer (Minotaur Fighter)       Turns: 1596, Time: 00:01:44

Health: -1/31      AC: 11    Str: 22    XL:     3   Next: 35%
Magic:  2/2        EV:  6    Int:  5    God:
Gold:   48         SH:  4    Dex:  9    Spells: 2/2 levels left

rFire   . . .      SeeInvis .   a - +0 war axe
rCold   . . .      Faith    .   c - +0 buckler
rNeg    . . .      Spirit   .   j - +0 plate armour
rPois   .          Reflect  .   (helmet restricted)
rElec   .          Harm     .   (no cloak)
rCorr   .          Rampage  .   (no gloves)
Will    .....                   (no boots)
Stlth   ..........              f - amulet of the acrobat
HPRegen 0.10/turn               (no ring)
MPRegen 0.08/turn               (no ring)

@: lethally poisoned (-1 -> -5)
A: horns 2, retaliatory headbutt
a: no special abilities


You were on level 2 of the Dungeon.
You visited 1 branch of the dungeon, and saw 2 of its levels.

You collected 48 gold pieces.

Inventory:

Hand Weapons
 a - a +0 war axe (weapon)
Missiles
 e - a throwing net (quivered)
Armour
 c - a +0 buckler (worn)
 j - a +0 plate armour (worn)
Jewellery
 f - an amulet of the acrobat (around neck)
Scrolls
 b - a scroll of amnesia {unknown}
 i - a scroll of identify {unknown}
 k - a scroll of teleportation {unknown}
Potions
 d - a potion of might
 g - a potion of cancellation {unknown}
 h - a potion of heal wounds {unknown}


   Skills:
 - Level 3.6 Fighting
 - Level 2.4 Axes
 - Level 3.6 Armour
 + Level 0.2 Dodging
 * Level 1.1 Stealth
 * Level 5.0 Shields


You had 2 spell levels left.
You didn't know any spells.
Your spell library contained the following spells:

 Spells                   Type           Power      Damage    Failure   Level
 Wereblood                Tmut           0%         N/A       100%        2
 Mephitic Cloud           Conj/Pois/Air  0%         N/A       100%        3
 Petrify                  Tmut/Erth      0%         N/A       100%        4
 Statue Form              Tmut/Erth      0%         N/A       100%        6


Dungeon Overview and Level Annotations

Branches:
Dungeon (2/15)

Altars:


Innate Abilities, Weirdness & Mutations

You have a pair of horns on your head.
You reflexively headbutt those who attack you in melee.


Message History

You closely miss the adder. Your headbutt misses the adder.
The adder is almost dead.
You feel sick. The adder bites you.
You are more poisoned.
The adder poisons you! The adder bites you.
You miss the adder.
The adder is almost dead.
You feel very sick. You block the adder's attack. The adder bites you.
You barely miss the adder.
The adder is almost dead.
You feel very sick. You block the adder's attack.
The adder bites you but does no damage.
You miss the adder.
The adder is almost dead.
You feel sick.
The adder bites you but does no damage. x2
You closely miss the adder.
The adder is almost dead.
You feel sick. The adder bites you but does no damage. The adder bites you.
* * * LOW HITPOINT WARNING * * *
You barely miss the adder. Your headbutt misses the adder.
The adder is almost dead.
You feel sick. You block the adder's attack. The adder bites you.
* * * LOW HITPOINT WARNING * * *
You miss the adder.
The adder is almost dead.
You feel sick.
You are no longer poisoned.
The adder bites you.
* * * LOW HITPOINT WARNING * * *
You are lethally poisoned!
The adder poisons you! The adder barely misses you.
You miss the adder. Your headbutt misses the adder.
The adder is almost dead.
* * * LOW HITPOINT WARNING * * *
You feel sick.
The adder bites you but does no damage. x2
Unknown command.
You closely miss the adder. Your headbutt misses the adder.
The adder is almost dead.
You die...

####### #.....#
###.....####### ###
#...$...(...... ..#
#.............. ..#
#....S@..# #.#
#..#####.# #.#
#..#####.# #.#
#..#.....# #.#
#..#.###.#########.#
#..#.###<##........#
#........##>####...#
#.##.######.# #.#.####
#.##.######.####.#...(.


You could see an adder.

Vanquished Creatures
  An adder (D:2)
  3 ball pythons
  7 bats (D:1)
  3 giant cockroaches (D:1)
  2 goblins (D:1)
  A hobgoblin (D:1)
  6 jackals (D:1)
  A quokka (D:1)
  A frilled lizard (D:1)
  4 kobolds (D:1)
  4 rats (D:1)
33 creatures vanquished.

Notes
Turn   | Place    | Note
-------+----------+-------------------------------------------
     0 | D:1      | Sanktem7 the Minotaur Fighter began the quest for the Orb.
     0 | D:1      | Reached XP level 1. HP: 19/19 MP: 0/0
    31 | D:1      | Reached skill level 4 in Shields
   111 | D:1      | Reached XP level 2. HP: 21/26 MP: 1/1
   560 | D:1      | Reached skill level 1 in Stealth
   722 | D:1      | Reached XP level 3. HP: 26/31 MP: 2/2
  1069 | D:2      | Got the Guide on Harmful Changing
  1153 | D:2      | Reached skill level 5 in Shields
  1487 | D:2      | Found a faded altar of an unknown god.
  1595 | D:2      | HP: 1/31 [poisoned by an adder]
  1596 | D:2      | Succumbed to an adder's poison

Illustrated notes

Levels and vault maps discovered:
D:1:      erik_arrival_triangle_small, layout_basic
D:2:      layout_loops_ring, dilly_ecumenical_altar_fadedgnrine

Skill      XL: |  1  2  3 |
---------------+----------+-----
Shields        | 4 5 |  5.0
Stealth        | 1 |  1.1
Fighting       | |  3.6
Axes           | |  2.4
Armour         | |  3.6
Dodging        | |  0.2

Action                   || total
-------------------------++-------
Melee: War axe           ||    77
       Headbutt          ||     7
Armor: Scale mail        ||    32
       Plate armour      ||    19
Dodge: Dodged            ||    45
Block: Buckler           ||    28
